 Dungeon Crawl Stone Soup version 0.31-a0-1338-gb567cfdca4 (webtiles) character file.

Game seed: 12469805870360380759

201 grandjackal the Trooper (level 5, -1/58 HPs)
             Began as an Oni Gladiator on Dec 21, 2023.
             Slain by an orc
             ... wielding a +0 hand axe
              (3 damage)
             ... on level 3 of the Dungeon.
             The game lasted 00:02:15 (2104 turns).

grandjackal the Trooper (Oni Gladiator)             Turns: 2104, Time: 00:02:15

Health: -1/58      AC:  3    Str: 18    XL:     5   Next: 79%
Magic:  5/5        EV: 10    Int: 11    God:
Gold:   60         SH:  0    Dex: 10    Spells: 4/4 levels left

rFire   . . .        a - +0 flail
rCold   . . .        (no shield)
rNeg    . . .        b - +0 robe
rPois   .            c - +0 hat
rElec   .            (no cloak)
rCorr   +            (gloves unavailable)
SInv    .            (boots unavailable)
Will    .....        (no amulet)
Stlth   +            j - ring of resist corrosion
HPRegen 0.29/turn    (no ring)
MPRegen 0.09/turn

%: no passive effects
@: lethally poisoned (-1 -> -10)
A: drunken brawling, large, unfitting armour, horns 1, tough skin 1, double
potion healing
a: no special abilities


You were on level 3 of the Dungeon.
You visited 1 branch of the dungeon, and saw 3 of its levels.

You collected 60 gold pieces.

Inventory:

Hand Weapons
 a - a +0 flail (weapon)
Missiles
 d - 2 throwing nets (quivered)
 e - a large rock
Armour
 b - a +0 robe (worn)
 c - a +0 hat (worn)
Jewellery
 j - a ring of resist corrosion (left hand)
Scrolls
 f - a scroll of immolation {unknown}
 h - a scroll of brand weapon {unknown}
 i - a scroll of teleportation {unknown}
 k - a scroll of revelation {unknown}
 l - a scroll of enchant weapon {unknown}
Potions
 g - 2 potions of cancellation {unknown}
 m - a potion of mutation {unknown}
 n - a potion of degeneration {unknown}
 o - a potion of brilliance {unknown}
 p - a potion of haste {unknown}
 q - a potion of curing {unknown}
 r - a potion of resistance {unknown}


   Skills:
 + Level 5.6 Fighting
 + Level 4.8 Maces & Flails
 - Level 2.0 Throwing
 - Level 3.0 Dodging


You had 4 spell levels left.
You didn't know any spells.
Your spell library contained the following spells:

 Spells                   Type           Power      Damage    Failure   Level
 Call Imp                 Summ           0%         N/A       47%         2
 Sublimation of Blood     Necr           0%         N/A       47%         2
 Summon Hydra             Summ           0%         N/A       100%        7


Dungeon Overview and Level Annotations

Branches:
Dungeon (3/15)

Altars:
Elyvilon
Fedhas
Sif Muna
Xom


Innate Abilities, Weirdness & Mutations

Whenever you drink a potion that restores your health or magic, you attack all enemies around you.
You are too large for most types of armour.
You have a pair of small horns on your head.
You have tough skin. (AC +1)
Whenever you drink a potion that restores your health or magic, it restores twice as much.


Message History

An orc comes into view.
It is wielding a +0 hand axe and quivering poisoned darts.
The orc shouts! x2
The orc priest mumbles some strange prayers to Beogh against you.
Beogh smites you!
You hit the orc priest.
The orc priest is moderately wounded.
You hit the orc. You headbutt the orc, but do no damage.
The orc is lightly wounded.
The orc barely misses you.
The orc priest mumbles some strange prayers to Beogh against you.
Beogh smites you! The orc hits you but does no damage.
You hit the orc priest. You punch the orc priest.
The orc priest is heavily wounded.
The orc closely misses you. The orc barely misses you.
The orc priest invokes the aid of Beogh against you.
Pain shoots through your body!
You sock the orc priest!
You kill the orc priest!
The orc hits you with a +0 hand axe. x2
* * * LOW HITPOINT WARNING * * *
The orc hits you with a +0 hand axe!
* * * LOW HITPOINT WARNING * * *
The orc hits you with a +0 hand axe.
* * * LOW HITPOINT WARNING * * *
Things that are here:
3 gold pieces; a +1 short sword of electrocution Unknown command.
The orc attacks as it pursues you! The orc barely misses you.
The orc attacks as it pursues you! The orc barely misses you.
The orc throws a poisoned dart.
The poisoned dart hits you!
You are lethally poisoned!
* * * LOW HITPOINT WARNING * * *
You feel very sick.
* * * LOW HITPOINT WARNING * * *
You feel sick.
The orc throws a poisoned dart.
The poisoned dart hits you.
You are more poisoned.
* * * LOW HITPOINT WARNING * * *
You feel very sick. The orc attacks as it pursues you!
The orc hits you with a +0 hand axe.
You die...

..... #........
....##### #.......#
#......#
####.......##
#......####
...........<.
+..........
##.........#
#.......#
#..........#
#.......#
#.P.....P..#
#######†#
##....8..@..# #.#
##..P....o...# ###.#
#....P.......# #..'#
#.##...o...###
###'### #.###.....##
##.P.P.###
#..#........##
#...⌠...P#
.......$....#
#P......P#
............#
##_._._#.#
.....#....##########
#####.#.#


You could see 2 orcs.

Vanquished Creatures
  A water moccasin (D:3)
  An orc priest (D:3)
  A bombardier beetle (D:3)
  2 dart slugs
  2 orcs (D:3)
  3 ball pythons
  6 endoplasms
  A giant cockroach (D:1)
  5 goblins
  4 hobgoblins
  4 jackals (D:3)
  3 quokkas
  3 bats
  4 frilled lizards
  5 kobolds
  3 rats (D:1)
48 creatures vanquished.

Notes
Turn   | Place    | Note
-------+----------+-------------------------------------------
     0 | D:1      | grandjackal the Oni Gladiator began the quest for the Orb.
     0 | D:1      | Reached XP level 1. HP: 22/22 MP: 1/1
   109 | D:1      | Reached skill level 3 in Fighting
   153 | D:1      | Reached XP level 2. HP: 31/31 MP: 2/2
   780 | D:1      | Reached XP level 3. HP: 37/37 MP: 3/3
  1901 | D:3      | Noticed a water moccasin
  1908 | D:3      | Killed a water moccasin
  1909 | D:3      | Reached skill level 5 in Fighting
  1909 | D:3      | Reached XP level 4. HP: 42/50 MP: 4/4
  1909 | D:3      | Reached XP level 5. HP: 48/57 MP: 5/5
  1979 | D:3      | Found a white marble altar of Elyvilon.
  1986 | D:3      | Found a shimmering blue altar of Sif Muna.
  1986 | D:3      | Found a blossoming altar of Fedhas.
  2047 | D:3      | Found a shimmering altar of Xom.
  2104 | D:3      | HP: 2/58 [poisoned by an orc]
  2104 | D:3      | Slain by an orc

Illustrated notes

Levels and vault maps discovered:
D:1:      minmay_arrival_plants_in_alcoves, layout_basic,
          chequers_serial_rivers_room_b
D:2:      layout_loops_ring
D:3:      layout_basic, regret_index_temple_of_mockery,
          gammafunk_temple_overflow_forgotten, demons_altar,
          ebering_ecumenical_altar_box, dreamdust_mushroom_princess

Skill      XL: |  1  2  3 |
---------------+----------+-----
Fighting       | 3 5 |  5.6
Dodging        | 3 |  3.0
Maces & Flails | 4 |  4.8
Throwing       | |  2.0

Action                     |  1- 3 |  4- 6 || total
---------------------------+-------+-------++-------
  Melee: Flail             |   102 |    33 ||   135
         Headbutt          |    18 |     6 ||    24
         Punch             |       |     1 ||     1
  Throw: Throwing net      |     1 |       ||     1
   Stab: Sleeping          |     2 |       ||     2
         Held in net/web   |     1 |       ||     1
 Armour: Robe              |    62 |    27 ||    89
  Dodge: Dodged            |    58 |    20 ||    78

Table legend: (Time is in decaauts)
 A = Elapsed time spent in this place.
 B = Non-inter-level travel time spent in this place.
 C = Inter-level travel time spent in this place.
 D = Time resting spent in this place.
 E = Time spent auto-exploring this place.
 F = Levels seen in this place.
 G = Mean time per level.
                   A        B        C        D        E       F      G
               +--------+--------+--------+--------+--------+-----+--------+
         Total |   2131 |   2077 |     54 |     98 |   1577 |   3 |  710.3 |
       Dungeon |   2131 |   2077 |     54 |     98 |   1577 |   3 |  710.3 |
               +--------+--------+--------+--------+--------+-----+--------+

Top non-repeatable levels by time:
     D:1: 1155 daAuts
     D:2: 663 daAuts
     D:3: 312 daAuts
